 Dungeon Crawl Stone Soup version 0.20-a0-945-g3bf614a (webtiles) character file.

295 Gorglomux the Sneak (level 6, 0/32 HPs)
             Began as a Vine Stalker Assassin on Apr 1, 2017.
             Succumbed to a worker ant's poison
             ... on level 4 of the Dungeon.
             The game lasted 00:08:00 (3106 turns).

Gorglomux the Sneak (Vine Stalker Assassin)         Turns: 3106, Time: 00:08:01

Health: 0/32       AC:  4    Str: 13    XL:     6   Next: 34%
Magic:  7/7        EV: 11    Int: 11    God:
Gold:   239        SH:  0    Dex: 18    Spells: 5/5 levels left

rFire    + . .     SeeInvis .   a - +2 dagger (vamp)
rCold    + . .     Gourm    .   (no shield)
rNeg     . . .     Faith    .   c - +0 robe
rPois    +         Spirit   +   P - +0 helmet
rElec    +         Reflect  .   d - +0 cloak
rCorr    +         Harm     .   (no gloves)
MR       .....                  (no boots)
Stlth    +++.......             (no amulet)
Regen    0.5/turn               (no ring)
MPRegen  0.1/turn               (no ring)

@: lethally poisoned (0 -> -1), resistant, drained
A: fangs 2, regeneration 1, magic shield, antimagic bite, no potion heal 3, rot
immunity
a: no special abilities


You were on level 4 of the Dungeon.
You were very hungry.

You visited 1 branch of the dungeon, and saw 4 of its levels.

You collected 239 gold pieces.

Inventory:

Hand Weapons
 a - a +2 vampiric dagger (weapon)
 b - a +0 blowgun
 y - a +2 dagger
Missiles
 e - 8 poisoned needles
 f - 2 curare-tipped needles
 O - 3 needles of sleeping
Armour
 c - a +0 robe (worn)
 d - a +0 cloak (worn)
 P - a +0 helmet (worn)
Jewellery
 v - an uncursed ring of fire
Wands
 I - a wand of iceblast (8/15)
Scrolls
 x - 2 scrolls of recharging {unknown}
 z - 2 scrolls of magic mapping {unknown}
 D - 2 scrolls of enchant weapon {unknown}
 J - a scroll of remove curse {unknown}
 T - a scroll of teleportation
Potions
 s - 2 potions of brilliance
 t - 2 potions of flight
 E - a potion of resistance
 L - 3 potions of haste
 M - a potion of might {unknown}
 U - a potion of mutation {unknown}
Comestibles
 g - 4 bread rations
 N - a royal jelly


   Skills:
 + Level 3.6(3.1) Fighting
 + Level 3.9(3.4) Short Blades
 - Level 1.7(1.3) Throwing
 - Level 0.7(0.3) Dodging
 + Level 6.4(5.9) Stealth


You had 5 spell levels left.
You didn't know any spells.

Dungeon Overview and Level Annotations

Branches:
Dungeon (4/15)
 Temple: D:4-7

Altars:
Cheibriados

Annotations:
D:3 Crazy Yiuf


Innate Abilities, Weirdness & Mutations

You have extremely sharp teeth.
Your natural rate of healing is unusually fast.
When hurt, damage is shared between your health and your magic reserves.
Your bite disrupts and absorbs the magic of your enemies.
Potions cannot restore your health.
You are immune to rotting.


Message History

It was a potion of resistance.
You feel protected.
* * * LOW HITPOINT WARNING * * *
You feel sick.
It was a potion of ambrosia.
You are confused.
Your system rejects the healing.
You feel invigorated.
* * * LOW HITPOINT WARNING * * *
You feel sick.
You bump into the rock wall.
* * * LOW HITPOINT WARNING * * *
You feel sick.
* * * LOW HITPOINT WARNING * * *
You feel sick.
Okay, then.
* * * LOW HITPOINT WARNING * * *
You feel sick.
You feel less invigorated.
You feel less confused.
You die...

#.# #.# +#+#+###.# #
...[. ... .#
...###.####.#### #
#.. ............
#.##.####.#........
#.<.@..!...........
#.##..###.#...#....
##.# #.###.# # #.#
#.# .# #.###.# #
#..##.#
###########+####.##.#
#................##.#
#................##.#


There were no monsters in sight!

Vanquished Creatures
  Sigmund (D:3)
  A worker ant (D:4)
  2 adders
  An ooze (D:1)
  An adder skeleton (D:3)
  2 worms
  2 leopard geckos
  3 orcs (D:3)
  4 giant cockroaches
  10 goblins
  7 hobgoblins
  7 jackals
  8 kobolds
  A quokka (D:4)
  3 ball pythons (D:1)
  7 bats
  4 frilled lizards
  7 rats
71 creatures vanquished.

Notes
Turn   | Place    | Note
-------+----------+-------------------------------------------
     0 | D:1      | Gorglomux the Vine Stalker Assassin began the quest for the Orb.
     0 | D:1      | Reached XP level 1. HP: 11/11 MP: 2/2
   274 | D:1      | Reached skill level 5 in Stealth
   285 | D:1      | Reached XP level 2. HP: 8/15 MP: 3/3
   787 | D:1      | Reached XP level 3. HP: 15/18 MP: 2/4
  1334 | D:2      | Gained mutation: Your natural rate of healing is unusually fast. [Vine Stalker growth]
  1334 | D:2      | Reached XP level 4. HP: 23/23 MP: 3/5
  1451 | D:2      | Reached skill level 3 in Short Blades
  1690 | D:2      | Found a snail-covered altar of Cheibriados.
  2314 | D:3      | Found a runed door.
  2492 | D:3      | Noticed Sigmund
  2551 | D:3      | Killed Sigmund
  2551 | D:3      | Reached skill level 3 in Fighting
  2551 | D:3      | Reached skill level 6 in Stealth
  2551 | D:3      | Reached XP level 5. HP: 18/28 MP: 6/6
  2551 | D:3      | Reached XP level 6. HP: 21/32 MP: 7/7
  2851 | D:3      | Noticed Crazy Yiuf
  3104 | D:4      | HP: 1/32 [poisoned by a worker ant]
  3106 | D:4      | Succumbed to a worker ant's poison

Vault maps used:
D:1:      dpeg_arrival_arbitrary_b
D:2:      cheibriados_altar_1, first_bread
D:3:      uniq_sigmund, uniq_crazy_yiuf_cottage
D:4:      serial_shops, shop

Skill      XL: |  1  2  3  4 |
---------------+-------------+-----
Short Blades   | 2 3 |  3.9
Stealth        | 5 6 |  6.4
Fighting       | 2 3 |  3.6
Throwing       | |  1.7
Dodging        | |  0.7

Action                   |  1- 3 |  4- 6 || total
-------------------------+-------+-------++-------
Melee: Dagger            |   115 |   117 ||   232
       Bite              |    17 |    37 ||    54
 Fire: Blowgun           |     1 |       ||     1
  Use: Potion            |     2 |     2 ||     4
       Scroll            |       |     4 ||     4
 Stab: Sleeping          |     5 |    11 ||    16
       Distracted        |     1 |       ||     1
  Eat: Bread ration      |     1 |       ||     1
       Chunk             |     1 |     5 ||     6
Armor: Robe              |    30 |    12 ||    42
Dodge: Dodged            |    61 |    41 ||   102
